[Event "*** Titled Tuesday Blitz"]
[Site "Chess.com"]
[Date "2018.05.01"]
[Round "7"]
[White "chessking2151"]
[Black "rasmussvane"]
[Result "1-0"]
[WhiteElo "2432"]
[BlackElo "2584"]
[TimeControl "180+2"]
[EndTime "14:37:06 PDT"]
[Termination "chessking2151 won by resignation"]

1. e4 c6 2. d4 d5 3. Nd2 dxe4 4. Nxe4 Nf6 5. Nxf6+ exf6 6. c3 Bd6 7. Bd3 O-O 8. Qc2 Re8+ 9. Ne2 h5 10. Be3 Nd7 11. O-O-O Nf8 12. h3 h4 13. Rde1 Be6 14. a3 b5 15. Nf4 Bxf4 16. Bxf4 Bd5 17. f3 a5 18.
Qf2 Ng6 19. Rxe8+ Qxe8 20. Bd6 Qd7 21. Bc5 Nf4 22. Bc2 g5 23. Re1 Re8 24. Rxe8+ Qxe8 25. Kd2 Qe6 26. Bb6 a4 27. Bc7 Bb3 28. Bxf4 Bxc2 29.
Kxc2 Qf5+ 30. Kc1 Qxf4+ 31. Qd2 Qg3 32. Qe2 Kg7 33. Kd2 Qf4+ 34. Kd1 Qd6 35. Ke1 Qd5 36. Kf1 Qa2 37. Qc2 Qa1+ 38. Kf2 Qh1 39. c4 bxc4 40.
Qxc4 Qd1 41. Qc3 Kg6 42. Qb4 Qc2+ 43. Kf1 Kf5 44. Qc3 Qd1+ 45. Kf2 Kg6 46. Qb4 Qc2+ 47. Kf1 Qd3+ 48. Kf2 Qd1 49. Qc3 Kg7 50. Qb4 Qc2+ 51. Kf1 f5 52. Qc3 Qd1+ 53. Kf2 Kg6 54. Qxc6+ Kg7 55.
Qc3 f4 56. d5+ f6 57. Qc7+ Kg6 58. Qc4 Qd2+ 59. Kg1 Qxb2 60. Qe4+ Kh6 61. Qxa4 Qd2 62. Qe4 Qc1+ 63. Kh2 Qxa3 64. Qe6 Kg7 65. d6 Qe3 66. Qd5 Qe1 67. Qb7+ Kh6 68. Qd5 f5 69. Qxf5 Qg3+ 70.
Kg1 Qe1+ 71. Kh2 Qf2 72. Qg4 Qd4 73. Qe6+ Kh5 74. d7 Qd2 75. Qf7+ Kh6 76. Qf6+ Kh5 77. d8=Q 1-0

[Event "*** Titled Tuesday Blitz"]
[Site "Chess.com"]
[Date "2018.05.01"]
[Round "7"]
[White "Zenzo"]
[Black "FMJoseHerrera"]
[Result "1/2-1/2"]
[WhiteElo "2399"]
[BlackElo "2422"]
[TimeControl "180+2"]
[EndTime "14:37:29 PDT"]
[Termination "Game drawn by stalemate"]

1. e4 c5 2. Nf3 e6 3. d4 cxd4 4. Nxd4 a6 5. Nc3 Qc7 6. Bd3 d6 7. O-O Nd7 8. f4 Ngf6 9. Qf3 Be7 10. Be3 b6 11. Qh3 Bb7 12. g4 h5 13. g5 Ng4 14. g6 O-O-O 15. gxf7 Nc5 16. b4 Bf6 17. bxc5 dxc5 18. Nxe6 Qxf7 19. Nxd8 Rxd8 20. Nd5 Rxd5 21. exd5 Qxd5 22. Bf5+ Qxf5 23. Rfe1 Qd5 24. Kf1 Bxa1 25.
Rxa1 Qh1+ 26. Bg1 Kb8 27. Re1 g6 28. Qg3 Ka7 29. h3 Nf6 30. Re6 Ne4 31. Qe3 h4 32. Rxg6 Ng3+ 33. Rxg3 hxg3 34. Qxg3 Qe4 35. Qf2 Qc4+ 36.
Qe2 Qxa2 37. h4 Qa1+ 38. Kf2 Qd4+ 39. Qe3 Qd5 40. h5 Qg2+ 41. Ke1 Qg4 42. Qe2 Qxf4 43. Be3 Qh4+ 44. Kd2 a5 45. h6 a4 46. Qd3 Qb4+ 47.
Kc1 Qe1+ 48. Kb2 Qb4+ 49. Ka2 Bc6 50. h7 Bb5 51. h8=Q Bc4+ 52. Ka1 Bxd3 53. cxd3 Qe1+ 54.
Ka2 Qxe3 55. Qd8 Qd2+ 56. Ka1 Qc3+ 57. Ka2 Qb3+ 58. Ka1 a3 59. Qc7+ Ka6 60. Qc8+ Ka5 61. Qa8+ Kb5 62. Qe8+ Kb4 63. Qe4+ c4 64. Qe7+ Kb5 65.
Qd7+ Kb4 66. Qd6+ Kc3 67. Qe5+ Kxd3 68. Qg3+ Kc2 69. Qf2+ Kc3 70. Qd2+ Kxd2 1/2-1/2

[Event "*** Titled Tuesday Blitz"]
[Site "Chess.com"]
[Date "2018.05.01"]
[Round "7"]
[White "GP9isback23"]
[Black "51616516516"]
[Result "0-1"]
[WhiteElo "2250"]
[BlackElo "2178"]
[TimeControl "180+2"]
[EndTime "14:37:32 PDT"]
[Termination "51616516516 won by resignation"]

1. d4 Nf6 2. Nf3 g6 3. c4 Bg7 4. Nc3 d6 5. g3 O-O 6. Bg2 Nc6 7. O-O Bf5 8. b3 Ne4 9. Bb2 a5 10. a3 Nxc3 11. Bxc3 Be4 12. e3 d5 13. Nd2 Bxg2 14. Kxg2 e5 15. Nf3 e4 16. Nd2 f5 17. Qe2 Ne7 18. h4 c6 19. c5 f4 20. Qg4 f3+ 21.
Kh2 Nf5 22. Rae1 Qe7 23. Ba1 Qe6 24. Qh3 h5 25. Rg1 Kf7 26. Rb1 Rh8 27. Nf1 Bf6 28.
Kh1 Rag8 29. Nh2 g5 30. hxg5 Rxg5 31. b4 axb4 32. Rxb4 Rb8 33. Bc3 Ng7 34. Qxe6+ Nxe6 35. Rgb1 Nd8 36. Rb6 h4 37. g4 Rg7 38. a4 Ke8 39. a5 Ra8 40. Ra1 Ra6 41. Rab1 Rxb6 42. axb6 Kd7 43. Ra1 h3 44. Ra8 Bh4 45. Be1 Rg8 46.
Ra7 Kc8 47. Ra8+ Kd7 48. Rb8 Bf6 49. Ra8 Be7 50. Ra2 Kc8 51. Ra8+ Kd7 52. Bd2 Rg7 53. Kg1 Bh4 54. Kf1 Be7 55. Be1 Bh4 56. Ba5 Be7 57. Bc3 Bh4 58. Kg1 Be7 59. Ra2 Kc8 60. Bb2 Kb8 61. Bc3 Ne6 62. Kf1 Rg8 63.
Ke1 Bh4 64. Ra1 Ng7 65. Kf1 Ne8 66. Kg1 Nf6 67. Kh1 Nxg4 68. Nxg4 Rxg4 69. Rg1 Rg2 70. Rxg2 fxg2+ 71. Kh2 Bxf2 0-1

[Event "*** Titled Tuesday Blitz"]
[Site "Chess.com"]
[Date "2018.05.01"]
[Round "7"]
[White "tomsishere"]
[Black "Blitzstream"]
[Result "1-0"]
[WhiteElo "2367"]
[BlackElo "2464"]
[TimeControl "180+2"]
[EndTime "14:37:33 PDT"]
[Termination "tomsishere won by checkmate"]

1. d4 g6 2. c4 Bg7 3. e4 d6 4. Nc3 Nd7 5. Be3 b6 6. Nge2 Bb7 7. f3 e6 8. Qd2 h6 9. g4 a6 10. Ng3 Ne7 11. Be2 c5 12. d5 e5 13. h4 Qc7 14. h5 g5 15. O-O O-O 16. a3 f6 17.
Rfc1 Rfc8 18. b4 Bf8 19. Nh1 Kh7 20. Nf2 Kg8 21. Rab1 Rab8 22. Na4 Kh7 23. Nd3 Ng8 24. Rb2 Be7 25. Rcb1 Kg7 26. Rc2 Kh8 27. Qe1 Kg7 28.
Bd2 Ba8 29. bxc5 dxc5 30. Nc3 Bd6 31. a4 b5 32. axb5 Nb6 33. Nf2 a5 34. Ra2 Bb7 35. Na4 Nxa4 36. Rxa4 Qe7 37. Rxa5 Qd8 38. Rba1 f5 39.
exf5 e4 40. Nxe4 Kf8 41. Bc3 Bc7 42. R5a2 Bf4 43. Bd2 Be5 44. Bc3 Bf4 45. Bd3 Qc7 46.
f6 Re8 47. Qd1 Be3+ 48. Kg2 Bc8 49. Ra7 Bb7 50. Qe1 Bf4 51. Qf2 Rec8 52. Bd2 Be5 53. Re1 Qb6 54. Ra2 Ra8 55. Rxa8 Rxa8 56. Qxc5+ Qxc5 57. Nxc5 Ra2 58. Nd7+ Kf7 59. Nxe5+ Kxf6 60. Re2 Ne7 61.
Nd7+ Kf7 62. d6 Nc8 63. c5 Bd5 64. Bg6+ Kg8 65. Re8+ Kg7 66. Rxc8 Rxd2+ 67. Kg3 Bxf3 68. Nf6 Bd1 69. Ne8+ Kg8 70. d7 Rd3+ 71. Bxd3 Bxg4 72. d8=Q Bd7 73. Qxd7 Kf8 74. Nf6# 1-0

[Event "*** Titled Tuesday Blitz"]
[Site "Chess.com"]
[Date "2018.05.01"]
[Round "7"]
[White "GameOverBro"]
[Black "dolynachess"]
[Result "0-1"]
[WhiteElo "2412"]
[BlackElo "2386"]
[TimeControl "180+2"]
[EndTime "14:37:51 PDT"]
[Termination "dolynachess won by resignation"]

1. e4 d5 2. d3 Nf6 3. Nd2 e5 4.
Ngf3 Nc6 5. Be2 dxe4 6. dxe4 Bc5 7. O-O O-O 8. c3 a5 9. Qc2 h6 10. h3 Be6 11. Bc4 Qe7 12. Re1 Rfd8 13. b3 Rd7 14. Bxe6 Qxe6 15. Nf1 Rad8 16. Be3 Bxe3 17. Nxe3 g6 18. Rad1 Kg7 19. Rxd7 Rxd7 20. Rd1 Rxd1+ 21. Nxd1 Qd6 22. Ne3 b5 23. Nh4 Ne7 24. Kf1 Qc6 25.
f3 Ne8 26. Qd3 Nd6 27. g3 Qc5 28. Nhg2 Qa3 29. Qd2 Qc5 30. Ne1 f6 31. Ke2 h5 32.
h4 Kf7 33. Nd3 Qa3 34. Ne1 Qc5 35. Nd3 Qa3 36. Ne1 Qc5 37. N1c2 a4 38. Qd3 Ke6 39. Nb4 axb3 40. axb3 c6 41. Na6 Qa7 42. Nb4 Qa2+ 43. Qc2 Qa1 44. Nd1 c5 45. Nd3 c4 46. Nb4 cxb3 47.
Qxb3+ Nc4 48. Ne3 Qh1 49. Nxc4 Qg2+ 50. Ke3 Qg1+ 51. Ke2 Qg2+ 52. Ke3 Qg1+ 53. Kd2 Qf2+ 54. Kd3 Qf1+ 55. Kd2 bxc4 56. Qa3 Qf2+ 57. Kc1 Qxf3 58.
Qa6+ Kd7 59. Qxc4 Qxg3 60. Qb5+ Ke6 61. Qb6+ Kf7 62. Qc7 Qxh4 63. Nd5 f5 64. exf5 gxf5 65. Qxe5 Qh1+ 66. Kb2 Qxd5 67. Qh8 f4 68. Qh7+ Ke6 69. Qh6+ Ke5 70. Qxh5+ Nf5 71. Qe8+ Qe6 72. Qh8+ Ke4 73. Qh1+ f3 74. Qe1+ Ne3 75. Kc1 Qg4 76. Kb2 Qg2+ 77.
Kb3 f2 78. Qb1+ Kf3 0-1

[Event "*** Titled Tuesday Blitz"]
[Site "Chess.com"]
[Date "2018.05.01"]
[Round "7"]
[White "VeraNebolsina"]
[Black "GoingKronos"]
[Result "1-0"]
[WhiteElo "2402"]
[BlackElo "2360"]
[TimeControl "180+2"]
[EndTime "14:37:51 PDT"]
[Termination "VeraNebolsina won by checkmate"]

1. e4 e6 2. d4 d5 3. exd5 exd5 4. Nf3 Bg4 5. Bd3 Nc6 6. c3 Bd6 7. O-O Nge7 8. h3 Bh5 9. Re1 Qd7 10. Nbd2 O-O-O 11. b4 Bg6 12. Bxg6 hxg6 13. b5 Na5 14. Ne5 Bxe5 15. Rxe5 f6 16. Re1 Nf5 17. Nb3 Qxb5 18. Nxa5 Qxa5 19. Bd2 Qa6 20. Qg4 Qd3 21. Qxg6 Qxd2 22.
Qxf5+ Kb8 23. Rab1 Qxc3 24. Qf4 Rhe8 25. Rec1 Qa5 26.
Rc5 Re1+ 27. Kh2 Qxc5 28. Rxb7+ Kxb7 29. dxc5 Re4 30. Qd2 Rc4 31. Qa5 a6 32. Qa3 Re4 33. c6+ Kxc6 34. Qxa6+ Kd7 35. Qb5+ Ke7 36. Qc5+ Ke8 37.
Qxc7 Rd7 38. Qc6 Ke7 39. a4 Re6 40. Qc5+ Kf7 41. Qd4 Re4 42. Qd1 d4 43. Qd3 Re5 44.
f4 Rc5 45. Qb3+ Ke7 46. Qb4 Kd6 47. Qxd4+ Kc6 48. Qe4+ Kb6 49. Qe6+ Kc7 50. f5 Re5 51. Qa6 Rxf5 52. a5 Rdd5 53. Qb6+ Kd7 54. a6 Ra5 55. a7 Rfb5 56. a8=Q Rxb6 57. Qxa5 Rd6 58.
Qf5+ Ke7 59. Qc5 Ke6 60. Kg3 Rd5 61. Qc4 Ke5 62. Qf4+ Ke6 63. Kg4 Re5 64. Qc4+ Ke7 65.
Qc7+ Kf8 66. Qd8+ Kf7 67. Qd7+ Kg6 68. h4 Re4+ 69. Kh3 Re5 70. Qg4+ Kh6 71. Qf4+ Kg6 72. Qg4+ Kh6 73. Qg3 Kh7 74. Qd3+ Kh6 75. Qd2+ Kh7 76.
Kg4 Re4+ 77. Kg3 Re5 78. Kg4 Re4+ 79. Kh3 Re5 80. Qd3+ Kh6 81. g4 Re7 82. g5+ Kh5 83. Qh7# 1-0

[Event "*** Titled Tuesday Blitz"]
[Site "Chess.com"]
[Date "2018.05.01"]
[Round "7"]
[White "Morshynska"]
[Black "MFBerna"]
[Result "1-0"]
[WhiteElo "2076"]
[BlackElo "2276"]
[TimeControl "180+2"]
[EndTime "14:37:51 PDT"]
[Termination "Morshynska won on time"]

1. d4 Nf6 2. c4 e6 3. Nf3 d5 4. g3 Be7 5. Bg2 O-O 6. O-O dxc4 7.
Qc2 a6 8. Qxc4 b5 9. Qc2 Bb7 10. Bf4 Bd6 11. Nbd2 Nbd7 12. Rfd1 Qe7 13. Rac1 Rac8 14. Nb3 Nd5 15. Ng5 g6 16. Bxd6 cxd6 17. Qd2 N7b6 18. Na5 Ba8 19. e4 Nf6 20. e5 dxe5 21.
dxe5 Nfd5 22. Ne4 Kg7 23. Nd6 Rxc1 24. Qxc1 Rd8 25. f4 Rxd6 26. exd6 Qxd6 27. Qd2 Qc5+ 28.
Qd4+ Qxd4+ 29. Rxd4 Kf6 30. Kf2 Na4 31. Rd2 Nc5 32. b3 h5 33. h3 g5 34. fxg5+ Kxg5 35. h4+ Kf5 36. Bf3 Kg6 37. Rc2 Nd3+ 38. Ke2 Ne5 39. Be4+ f5 40. Bg2 Nb4 41. Rc5 Nd7 42. Rc7 Bxg2 43. Rxd7 Bd5 44. Rd6 Nxa2 45. Rxa6 Nc1+ 46.
Kd2 Nxb3+ 47. Nxb3 Bxb3 48. Kc3 Bc4 49. Kd4 f4 50.
gxf4 Kf5 51. Ra8 Kxf4 52. Rf8+ Kg4 53. Ke5 Kxh4 54. Kf4 Kh3 55. Rc8 h4 56. Kf3 Bd5+ 57. Kf2 b4 58. Rb8 b3 59. Rb4 e5 60. Rb5 Bc4 61. Rb6 Kh2 62. Rc6 b2 63. Rb6 h3 64.
Rxb2 1-0

[Event "*** Titled Tuesday Blitz"]
[Site "Chess.com"]
[Date "2018.05.01"]
[Round "7"]
[White "Fins0905"]
[Black "SipkeErnst"]
[Result "1-0"]
[WhiteElo "2577"]
[BlackElo "2510"]
[TimeControl "180+2"]
[EndTime "14:38:00 PDT"]
[Termination "Fins0905 won by resignation"]

1. d4 Nf6 2. Nf3 g6 3. Bg5 Bg7 4. Nbd2 d5 5. e3 O-O 6. Be2 c5 7. c3 b6 8. O-O Bb7 9. h3 Nbd7 10. Bf4 e6 11. a4 a6 12. Qb3 c4 13. Qc2 b5 14. Ra3 Qb6 15. axb5 axb5 16. Rfa1 Rfc8 17.
b4 Rxa3 18. Rxa3 Ra8 19. Rxa8+ Bxa8 20. Qa2 Bc6 21. Ne1 Bf8 22. Nc2 Ne8 23. Bg3 Bd6 24. f4 Ng7 25. Bf2 h5 26. Bf3 Be7 27. g4 hxg4 28.
hxg4 g5 29. Nf1 Nf8 30. Ne1 Qb8 31. Ng2 Ng6 32. Qa6 Qb7 33. Qa5 Qb8 34. Qa6 Qa8 35.
Qxa8+ Bxa8 36. Bg3 Nf8 37. Kf2 Nd7 38. Bh2 Nb6 39. Bd1 f5 40. gxf5 Nxf5 41. fxg5 Bxg5 42. Nd2 Kf7 43. Bc2 Kf6 44. Nf3 Bh6 45. Be5+ Ke7 46.
Ke2 Nd6 47. Nd2 Bc6 48. Nf4 Be8 49. Nb1 Nd7 50. Bxd6+ Kxd6 51. Na3 Nf6 52. Ng6 Kc6 53. Ne5+ Kb6 54. Kd2 Nd7 55. Nxd7+ Bxd7 56. Ke2 Bg7 57. Kf3 e5 58. Bg6 e4+ 59. Ke2 Bg4+ 60. Kd2 Be6 61. Be8 Bf8 62. Bxb5 Be7 63. Be8 Bd6 64. Nc2 Bg3 65. Ne1 Bh3 66. Bf7 Kc6 67. Nc2 Bc7 68.
b5+ Kd6 69. Nb4 Be6 70. Bxe6 Kxe6 71. Na6 Bb6 72. Ke2 Kd6 73. Kd2 Ke6 74. Kc2 Kd6 75. Nb4 Ba5 76. Nc6 Bb6 77. Kb2 Kc7 78. Ka3 Kb7 79. Ne7 Bc7 80. Nxd5 Bd6+ 81. Ka4 1-0

[Event "*** Titled Tuesday Blitz"]
[Site "Chess.com"]
[Date "2018.05.01"]
[Round "7"]
[White "pultineviciuspaulius"]
[Black "chidori_boruto"]
[Result "0-1"]
[WhiteElo "2534"]
[BlackElo "2539"]
[TimeControl "180+2"]
[EndTime "14:38:11 PDT"]
[Termination "chidori_boruto won by resignation"]

1. d4 d5 2. c4 c6 3. Nf3 Nf6 4. e3 Bf5 5. Nc3 a6 6. Qb3 Ra7 7. a4 e6 8. Be2 Nbd7 9. O-O Bd6 10. a5 O-O 11. Bd2 Qe7 12. Rfc1 Bg4 13. h3 Bh5 14. Be1 Ne4 15. Nd2 Bxe2 16. Nxe2 f5 17. Nf3 g5 18.
cxd5 exd5 19. Nd2 Ndf6 20. Ra4 Raa8 21. Nf1 Rae8 22. Bb4 Bxb4 23. Rxb4 Nd6 24. Neg3 Nfe4 25. Nxe4 fxe4 26. Ng3 Rf7 27. Rc2 Ref8 28. Qc3 Nc4 29.
Ra4 Nd6 30. Qb4 Nb5 31. Qxe7 Rxe7 32. Kf1 Kg7 33. Ke1 Kg6 34. Ne2 Ref7 35. Nc3 Nd6 36. Ra1 Nc4 37. Re2 h5 38. b3 Nd6 39. Na4 h4 40. Nc5 Kh5 41. Rc1 Re7 42. Kd2 Rf6 43.
Rf1 Ref7 44. Kc3 g4 45. hxg4+ Kxg4 46. Kd2 Kg5 47. Ke1 Nf5 48. Rh1 Nh6 49. Rg1 Ng4 50.
Rf1 Nh2 51. Rh1 Ng4 52. Rf1 Kh5 53. Na4 Rg6 54. Rh1 Kg5 55. Nc5 Rgf6 56. Rf1 Nh6 57.
Rh1 Nf5 58. Na4 Rg6 59. Nc5 Kf6 60. Rh2 Rfg7 61. f3 exf3 62. gxf3 Re7 63. Kd2 Rg1 64. Nd3 Ra1 65. Ne5 Rxa5 66. Kc3 c5 67. Ng4+ Kg5 68.
Reg2 cxd4+ 69. exd4 Ng3 70. Ne5 Rc7+ 71. Kd3 Ra3 72.
Rb2 Ra1 73. Rbg2 Rd1+ 74. Rd2 Rb1 75. f4+ Kf5 76. Rb2 Rd1+ 77. Rbd2 Rdc1 78. Ke3 Nf1+ 79.
Kf3 R7c3+ 80. Nd3 Nxh2+ 81. Kg2 R1c2 0-1

[Event "*** Titled Tuesday Blitz"]
[Site "Chess.com"]
[Date "2018.05.01"]
[Round "7"]
[White "TigranLPetrosyan"]
[Black "Alexander_Moskalenko"]
[Result "1-0"]
[WhiteElo "2714"]
[BlackElo "2753"]
[TimeControl "180+2"]
[EndTime "14:38:39 PDT"]
[Termination "TigranLPetrosyan won by resignation"]

1. Nf3 d5 2. g3 c6 3. Bg2 g6 4. c4 Bg7 5. cxd5 cxd5 6. d4 Nf6 7. Nc3 O-O 8. Ne5 Nc6 9. O-O Qb6 10. Na4 Qb5 11.
Nc3 Qb6 12. Nxc6 bxc6 13. Bf4 Qxb2 14. Na4 Qb4 15. Rb1 Qa5 16. Bd2 Qc7 17. Bf4 Qa5 18.
Nc5 Nd7 19. Nb3 Qa4 20. Qd2 Ba6 21. Rfc1 Rfc8 22. e3 Bb5 23. h4 h5 24. Bh3 e6 25.
g4 hxg4 26. Bxg4 Qa3 27. Nc5 Nxc5 28. Rxc5 Bc4 29. h5 gxh5 30. Bxh5 Rf8 31. Rxc6 Qe7 32. Rc7 Qh4 33. Bf3 Rac8 34. Rxc8 Rxc8 35. Bg3 Qh7 36. Rb7 Bd3 37. Rxa7 Be4 38. Bxe4 Qxe4 39. Rc7 Ra8 40. Rb7 Bf8 41. Qb2 Kg7 42. Be5+ Kg6 43.
Rb8 Qg4+ 44. Bg3 Qd1+ 45. Kg2 Ba3 46. Qb7 Rxb8 47. Qxb8 Kg7 48. Be5+ f6 49. Qc7+ Kg6 50. Bg3 Qd3 51. Qc8 Qe4+ 52. Kh2 Kf7 53. Qb7+ Be7 54. a4 e5 55. a5 exd4 56. exd4 f5 57. Qc7 Qe6 58. Qe5 Qh6+ 59. Kg2 Ke8 60. Qxf5 Qa6 61. Qxd5 Bd8 62. Qe5+ Kd7 63. Qf5+ Ke8 64. Qh5+ Kd7 65. Qf7+ Kc8 66. Qf5+ Kb7 67. Qd5+ Kc8 68. Qf5+ Kb7 69. Qf7+ Kc8 70. d5 Qxa5 71. Qe6+ Kb7 72. Qc6+ Ka7 73. Qd7+ Ka6 74. Qc6+ Ka7 75. Bf4 Bb6 76. Qd7+ Ka6 77. Qc8+ Kb5 78. Qc6+ Ka6 79. Be3 Qb4 80. Qxb6+ Qxb6 81. Bxb6 Kxb6 82. Kf3 Kc5 83. Ke4 Kd6 84. f4 1-0

[Event "*** Titled Tuesday Blitz"]
[Site "Chess.com"]
[Date "2018.05.01"]
[Round "7"]
[White "Kimster98"]
[Black "Sanan_Sjugirov"]
[Result "1/2-1/2"]
[WhiteElo "2531"]
[BlackElo "2775"]
[TimeControl "180+2"]
[EndTime "14:38:57 PDT"]
[Termination "Game drawn by stalemate"]

1. d4 d6 2. Nf3 g6 3. c4 Bg7 4. Nc3 Nc6 5. e4 Bg4 6. d5 Nd4 7. Be3 Bxf3 8. gxf3 c5 9. Bxd4 cxd4 10. Qa4+ Kf8 11.
Nb5 a6 12. Na3 Nf6 13. O-O-O Nd7 14. Kb1 Nc5 15. Qb4 Be5 16. Qd2 Qb6 17. Bd3 Rc8 18. Qc1 Qa5 19. f4 Bg7 20. Qd2 Qxd2 21. Rxd2 Bh6 22. Nc2 Bxf4 23. Rdd1 Be5 24. b3 g5 25. f3 h5 26. Be2 h4 27. Nxd4 Bxd4 28. Rxd4 Kg7 29. Rdd1 Kf6 30. Rhg1 Rhg8 31. Rg4 Ke5 32. Rdg1 f6 33. f4+ Kxe4 34. fxg5+ Ke3 35. gxf6 Rh8 36. f7 Kxe2 37. Rg8 Nd7 38. Rxh8 Rxh8 39. Rg8 Rh5 40. f8=Q Nxf8 41. Rxf8 Re5 42. Rf4 Kd2 43.
Rxh4 b5 44. Kb2 b4 45. Rd4+ Ke3 46. Rg4 a5 47. a3 Rf5 48. Rg3+ Kd4 49. Rg2 Rf3 50.
axb4 axb4 51. Re2 Kd3 52. Rxe7 Rf2+ 53. Kb1 Rxh2 54. Re6 Kc3 55. Re3+ Kd4 56. Rg3 Rf2 57. Rg6 Re2 58. Rg4+ Kc3 59. Rg3+ Kd4 60. Rg4+ Kc3 61.
Rg3+ Kd2 62. Rg6 Rh2 63. Rf6 Rg2 64. Rh6 Rf2 65. Rg6 Kd3 66. Rg3+ Kd4 67. Rg4+ Ke3 68. Rg3+ Kf4 69. Rg6 Ke5 70. Rg5+ Kd4 71. Rg4+ Kc3 72.
Rg3+ Kd2 73. Rg6 Re2 74. Rh6 Re3 75. Kb2 Kd3 76. Rh2 Rf3 77. Rg2 Rh3 78. Rc2 Rh1 79.
c5 dxc5 80. Rxc5 Rh2+ 81. Kb1 Rh1+ 82. Kb2 Rh2+ 83. Kb1 Kd4 84. Rc4+ Kxd5 85. Rxb4 Kc5 86. Rc4+ Kb5 87. Kc1 Rg2 88. Kb1 Rh2 89. Rc2 Rxc2 90.
Kxc2 Kb4 91. Kb2 Kb5 92. Kc3 Kc5 93. b4+ Kb5 94. Kb3 Kb6 95. Kc4 Kc6 96. b5+ Kb6 97. Kb4 Kb7 98. Ka5 Ka7 99. b6+ Kb7 100. Kb5 Kb8 101. Kc6 Kc8 102. b7+ Kb8 103. Kb6 1/2-1/2

[Event "*** Titled Tuesday Blitz"]
[Site "Chess.com"]
[Date "2018.05.01"]
[Round "7"]
[White "FastChance"]
[Black "ENEASZ"]
[Result "1/2-1/2"]
[WhiteElo "2669"]
[BlackElo "2458"]
[TimeControl "180+2"]
[EndTime "14:39:01 PDT"]
[Termination "Game drawn by repetition"]

1. e4 d6 2. Nc3 Nf6 3. f4 c5 4.
Nf3 Nc6 5. Bb5 g6 6. Bxc6+ bxc6 7. d3 Bg7 8. h3 O-O 9. O-O Rb8 10. Rb1 Ne8 11. Bd2 Nc7 12. Qe2 Nb5 13. e5 Be6 14. a4 Nd4 15. Nxd4 cxd4 16. Ne4 dxe5 17. fxe5 Qd5 18.
Ng5 Qxe5 19. Qxe5 Bxe5 20. Nxe6 fxe6 21. b3 Bg3 22. Bg5 Bd6 23. Rbe1 e5 24. g4 Rxf1+ 25. Rxf1 Rf8 26. Rxf8+ Kxf8 27. Kg2 Kf7 28. Kf3 Ke6 29.
Ke4 a6 30. Bh6 Bb4 31. Bg7 Bd6 32. Bh8 h5 33. gxh5 gxh5 34. Bg7 Bc7 35. Bh6 Bd6 36. Bg5 Bc7 37. Bh4 Bd6 38. Be1 Bc7 39. Bb4 Bd6 40.
Ba5 Kf6 41. Bd2 Kg6 42. Bc1 Kf6 43. Bh6 Kg6 44. Bc1 Kf6 45. Bd2 Kg6 46. c3 dxc3 47.
Bxc3 Kg5 48. Be1 Bc7 49. Bg3 Bd6 50. Be1 Bc7 51. Bf2 Bd6 52. Bg3 Kf6 53. Bh4+ Ke6 54. Bg5 Bc7 55. Bd2 Bd6 56. Bc3 Bc7 57. Be1 Bd6 58.
Bg3 Kf6 59. Bf2 Kg5 60. Bg3 Kf6 61. h4 Ke6 62. Bf2 Bb4 63. Bg3 Bd6 64. Be1 Bc5 65.
Bg3 Bg1 66. Be1 Bh2 67. Bf2 Kf6 68. Be1 Bg1 69. Bg3 Ke6 70. Be1 Bh2 71. Bf2 Bf4 72.
Be1 Bh6 73. Bg3 Bg7 74. Bf2 Bf6 75. Bg3 Bh8 76. Bf2 Bg7 77. Be1 Bh8 78. Bc3 Bf6 79. Be1 Kd6 80. Bg3 Kc5 81. Be1 Kd6 82. Bb4+ Ke6 83. Be1 Kd6 84. Bf2 Ke6 85. Bg3 Bg7 86. Be1 Bh8 87. Bc3 Bf6 88. Be1 Kd6 89. Bg3 Kc5 90. Be1 e6 91. b4+ Kd6 92. Bg3 Kd7 93.
Be1 Kd6 94. Bg3 Kd7 95. Be1 Kd6 96. Bg3 Kd7 97. Be1 Kd6 98. Bg3 Kd7 1/2-1/2

[Event "*** Titled Tuesday Blitz"]
[Site "Chess.com"]
[Date "2018.05.01"]
[Round "7"]
[White "Alexander_Donchenko"]
[Black "Flawless2018"]
[Result "1/2-1/2"]
[WhiteElo "2656"]
[BlackElo "2491"]
[TimeControl "180+2"]
[EndTime "14:39:43 PDT"]
[Termination "Game drawn by 50-move rule"]

1. d4 Nf6 2. c4 e6 3. g3 d5 4.
Bg2 Be7 5. Nf3 O-O 6. O-O dxc4 7. Qc2 a6 8. a4 Bd7 9. Qxc4 Bc6 10. Bf4 Nbd7 11.
Nc3 Nb6 12. Qb3 Nbd5 13. Bc1 Nb4 14. Re1 Bxf3 15. Bxf3 Qxd4 16. Be3 Qe5 17. Bf4 Qa5 18. Rac1 c6 19. Bd2 Rfd8 20. Red1 Qb6 21. Be3 Qa5 22. Bd4 c5 23. Be5 c4 24. Bxf6 cxb3 25. Bxe7 Rxd1+ 26. Rxd1 h6 27. Rd7 Nc6 28. Bd6 Rd8 29.
Bxc6 Rxd7 30. Bxd7 Qb6 31. Ba3 Qd8 32. Bb5 axb5 33.
axb5 Qd2 34. Kg2 f5 35. h4 Kf7 36. e3 Qd7 37. Kg1 Qd2 38. Kg2 g5 39. hxg5 hxg5 40.
Kg1 g4 41. Kg2 Qc1 42. Na4 Qc7 43. Nc5 Qb6 44. Nxb3 Qxb5 45. Nd4 Qd5+ 46. Kg1 b5 47. Bb4 Kf6 48. Bc3 e5 49. Nc2 Qd1+ 50. Ne1 Qe2 51. Ng2 b4 52. Bxb4 Qxb2 53. Ba5 Qa1+ 54. Be1 Qd1 55. Kf1 Ke6 56. Nh4 Kd5 57. Ng2 Ke4 58. Nh4 Qb1 59. Ng2 Qb5+ 60. Kg1 Qe2 61. Ba5 Qd1+ 62.
Be1 Kd3 63. Kf1 Qe2+ 64. Kg1 Ke4 65. Ba5 Qa6 66. Bc3 Qa2 67. Be1 Qb1 68. Kf1 Kd3 69.
Nh4 Kc4 70. Ng2 Qe4 71. Nh4 Qh1+ 72. Ke2 Qe4 73. Kf1 Kd5 74. Ng2 Ke6 75. Kg1 Kf6 76.
Kf1 Kg5 77. Kg1 Qd3 78. Ba5 Qb1+ 79. Be1 Qa1 80. Kf1 Qa6+ 81. Kg1 Qc6 82. Bd2 Qd5 83. Be1 Qd1 84. Kf1 Kf6 85. Nh4 Qd5 86. Kg1 Qd1 87.
Kf1 Qc1 88. Ng2 Qc2 89. Kg1 Kg5 90. Kf1 Qc1 91. Kg1 Qc4 92. Bd2 Qa4 93. Kf1 Qe4 94.
Kg1 Qc4 95. Be1 Qe2 96. Bc3 Qd3 97. Be1 Qb1 98. Kf1 Qb5+ 99. Kg1 Qa6 100. Bd2 Qb5 101. Be1 Qb2 102. Kf1 Qb1 1/2-1/2

[Event "*** Titled Tuesday Blitz"]
[Site "Chess.com"]
[Date "2018.05.01"]
[Round "7"]
[White "MartinZumsande"]
[Black "vugarrasulov"]
[Result "1/2-1/2"]
[WhiteElo "2521"]
[BlackElo "2730"]
[TimeControl "180+2"]
[EndTime "14:41:04 PDT"]
[Termination "Game drawn by 50-move rule"]

1. e4 e5 2. Nf3 Nc6 3. Bc4 Bc5 4. c3 Nf6 5. b4 Bb6 6. d3 d6 7. a4 a6 8. O-O O-O 9. Nbd2 Ne7 10. Bb3 Ng6 11. Nc4 Ba7 12. Be3 Bg4 13. Bxa7 Rxa7 14.
Ne3 Be6 15. Re1 Ra8 16. Ng5 Bxb3 17. Qxb3 Nf4 18. Rad1 a5 19. g3 Nd7 20. Nf3 Ne6 21. d4 exd4 22. cxd4 Qf6 23. Nd5 Qd8 24. b5 c6 25. Nc3 Qf6 26. Kg2 Rfe8 27. e5 dxe5 28. dxe5 Ndc5 29. exf6 Nxb3 30. bxc6 bxc6 31. fxg7 Nbc5 32.
Ne5 Rac8 33. f4 Kxg7 34. Rd6 f6 35. Nf3 Kf7 36. Red1 Red8 37. Rxd8 Nxd8 38. Nd4 Nde6 39. Nf5 Rb8 40. Rd6 Rb2+ 41. Kh3 Rb3 42. Ne2 Nd3 43. Rxc6 Ndxf4+ 44. Nxf4 Nxf4+ 45. Kg4 Ne6 46. Ra6 Rb4+ 47. Kf3 Rxa4 48. Ra7+ Kf8 49. Nd6 Rd4 50. Nf5 Rd5 51. Ne3 Rc5 52. Ng4 h5 53. Nxf6 Rf5+ 54. Ke4 Rxf6 55. Ke5 Rg6 56. Kf5 Rh6 57.
Rxa5 Ng7+ 58. Kg5 Rd6 59. Ra7 Kg8 60. h3 Kh7 61. g4 Rd5+ 62. Kh4 hxg4 63. hxg4 Kg6 64.
Kg3 Ne6 65. Kf3 Rd4 66. Ke3 Rxg4 67. Ra6 Kf6 68. Rb6 Ke5 69. Rb5+ Kd6 70. Ra5 Nc5 71.
Kf3 Rb4 72. Ra8 Ne6 73. Ra6+ Kd5 74. Ra5+ Nc5 75. Ra8 Rb3+ 76. Kf4 Ne6+ 77. Kg4 Rb4+ 78. Kf3 Rf4+ 79. Ke3 Rh4 80. Ra5+ Nc5 81. Kf3 Rc4 82.
Ra8 Ke5 83. Re8+ Ne6 84. Ra8 Kf5 85. Ke3 Rc3+ 86. Kd2 Rh3 87. Ra4 Ke5 88. Ke2 Nd4+ 89. Kf2 Ke4 90. Ra8 Rf3+ 91. Kg2 Rf6 92. Kg3 Ne2+ 93.
Kg4 Rg6+ 94. Kh4 Nd4 95. Kh5 Rg1 96. Kh6 Nf5+ 97. Kh7 Rg7+ 98. Kh8 Rc7 99. Ra1 Kf4 100. Kg8 Kg5 101. Ra6 Rd7 102. Kf8 Nd6 103. Ra1 Kf6 104. Kg8 Nf5 105. Ra6+ Nd6 106. Ra1 Rg7+ 107. Kf8 Rb7 108. Rf1+ Nf5 109. Ke8 Ra7 110. Kd8 Ke6 111. Kc8 Nd6+ 112. Kb8 Rh7 113. Rb1 Kd5 114. Rd1+ Kc6 115. Rc1+ Kb6 116. Rb1+ Nb5 117. Kc8 Rg7 118. Kd8 Kc6 119. Ke8 Nd6+ 120. Kf8 Ra7 121. Re1 Kd5 122. Kg8 Ne4 123. Rd1+ Ke5 124. Re1 Kf5 125. Rf1+ 1/2-1/2

[Event "*** Titled Tuesday Blitz"]
[Site "Chess.com"]
[Date "2018.05.01"]
[Round "8"]
[White "Fy_Rakotomaharo"]
[Black "DenksportAcademie"]
[Result "1-0"]
[WhiteElo "2495"]
[BlackElo "2242"]
[TimeControl "180+2"]
[EndTime "14:43:19 PDT"]
[Termination "Fy_Rakotomaharo won by resignation"]

1. e4 e6 2. d4 d5 3. Nd2 dxe4 4.
Nxe4 Bd7 5. Nf3 Bc6 6. Bd3 Nd7 7.
O-O Ngf6 8. Qe2 Be7 9. Re1 O-O 10. Neg5 h6 11. Nxe6 fxe6 12. Qxe6+ Rf7 13. Bg6 Qf8 14.
Bxf7+ Qxf7 15. Qxe7 1-0

[Event "*** Titled Tuesday Blitz"]
[Site "Chess.com"]
[Date "2018.05.01"]
[Round "8"]
[White "ChainsOfFantasia"]
[Black "lucasmito"]
[Result "1-0"]
[WhiteElo "2417"]
[BlackElo "2354"]
[TimeControl "180+2"]
[EndTime "14:43:41 PDT"]
[Termination "ChainsOfFantasia won by resignation"]

1. d4 Nf6 2. c4 g6 3. Nf3 Bg7 4. Nc3 d5 5. Bf4 O-O 6. Rc1 c5 7. dxc5 Qa5 8. cxd5 Rd8 9. Bd2 Qxc5 10. e4 Ng4 11. Qe2 b6 12. Nb5 1-0

[Event "*** Titled Tuesday Blitz"]
[Site "Chess.com"]
[Date "2018.05.01"]
[Round "8"]
[White "Pudor"]
[Black "RodinMihail"]
[Result "0-1"]
[WhiteElo "2219"]
[BlackElo "2423"]
[TimeControl "180+2"]
[EndTime "14:44:22 PDT"]
[Termination "RodinMihail won by resignation"]

1. d4 d5 2. c4 e6 3. Nc3 c6 4. Nf3 Nf6 5. Bg5 dxc4 6. e4 b5 7.
e5 h6 8. Bh4 g5 9. Nxg5 hxg5 10.
Bxg5 Nbd7 11. exf6 Qa5 12. Be2 Bb7 13. Bf3 O-O-O 14. O-O Ne5 15. dxe5 Rxd1 16. Raxd1 b4 17. Ne4 Qxe5 18. Rfe1 Qxh2+ 19. Kf1 c3 20. Ke2 cxb2 21. Nd6+ Bxd6 0-1